 Dungeon Crawl Stone Soup version 0.24-a0-434-gd57e52fea8 (webtiles) character file.

Game seed: 6386071192890476692

9 Cavalorn the Vexing (level 2, 15/21 HPs)
             Began as a Demonspawn Arcane Marksman on June 16, 2019.
             Quit the game on level 1 of the Dungeon.
             The game lasted 00:00:15 (183 turns).

Cavalorn the Vexing (Demonspawn Arcane Marksman)     Turns: 183, Time: 00:00:15

Health: 15/21      AC:  2    Str: 10    XL:     2   Next: 3%
Magic:  3/3        EV: 12    Int: 14    God:
Gold:   0          SH:  0    Dex: 13    Spells: 2/3 levels left

rFire    . . .     SeeInvis .   a - +0 hunting sling
rCold    . . .     Gourm    .   (no shield)
rNeg     . . .     Faith    .   e - +0 robe
rPois    .         Spirit   .   (helmet restricted)
rElec    .         Reflect  .   (no cloak)
rCorr    .         Harm     .   (no gloves)
MR       .....                  (no boots)
Stlth    +.........             (no amulet)
HPRegen  0.07/turn              (no ring)
MPRegen  0.08/turn              (no ring)

@: no status effects
A: antennae 1
a: no special abilities


You were on level 1 of the Dungeon.
You were not hungry.

You visited 1 branch of the dungeon, and saw 1 of its levels.

Inventory:

Hand Weapons
 a - a +0 hunting sling (weapon)
Missiles
 b - 35 stones
 d - 14 sling bullets (quivered)
Armour
 e - a +0 robe (worn)
Scrolls
 g - a scroll of blinking {unknown}
Potions
 c - 2 potions of lignification {unknown}
Comestibles
 f - 2 rations


   Skills:
 + Level 1.0 Fighting
 + Level 2.0 Slings
 + Level 1.7 Dodging
 + Level 0.1 Stealth
 + Level 1.0 Spellcasting
 + Level 3.3 Hexes


You had 2 spell levels left.
You knew the following spells:

 Your Spells              Type           Power        Failure   Level  Hunger
a - Corona                Hex            ##.....      7%          1    ##.....

Your spell library contained the following spells:

 Spells                   Type           Power        Failure   Level  Hunger
 Slow                     Hex            ##......     10%         2    ###....
 Inner Flame              Hex/Fire       #.......     36%         3    ####...
 Portal Projectile        Hex/Tloc       #.....       36%         3    ####...
 Cause Fear               Hex            ##........   54%         4    #####..
 Leda's Liquefaction      Hex/Erth       #.........   78%         4    #####..


Dungeon Overview and Level Annotations

Branches:
Dungeon (1/15)

Altars:


Innate Abilities, Weirdness & Mutations

You have a pair of small antennae on your head.


Message History

You shoot a sling bullet.
The sling bullet closely misses the hobgoblin.
The hobgoblin hits you.
A hobgoblin is nearby!
Firing (i - inventory. (/) - cycle)
d - 11 sling bullets (quivered)
Press: ? - help, Shift-Dir - straight line, f/p - hobgoblin
Aim: a hobgoblin (severely wounded)
You shoot a sling bullet. The sling bullet hits the hobgoblin.
You kill the hobgoblin!
You have reached level 2!
Your demonic ancestry asserts itself...
A pair of antennae grows on your head!
d - 11 sling bullets (gained 1)
You see here a hobgoblin corpse.
d - 13 sling bullets (gained 2)
d - 14 sling bullets (gained 1)
You open the door.
There is an open door here.
g - a scroll labeled UPTIER ERHAOH Are you sure you want to abandon this character and quit the game? (Confirm with "yes".)

#... #......... #... #.........
#...##......... #...##.........
#....#......... ###$...#.........
##### ...##...........
#♣.♣.♣####.##.##'#+#....
#.♣.♣.#........#@# #.
#♣.♣..###.†.....(#
♣♣.♣♣#......#.##################
#'###......#.##Q#p#T#g#K#e#9#H#
##..........#.##################
#.†.........#..'................
#.##........#.##################
##.##........#..#V#N#d#6#O#p#.#o#
#...#........#..#################


There were no monsters in sight!

Vanquished Creatures
  A leopard gecko (D:1)
  2 goblins (D:1)
  A hobgoblin (D:1)
  2 bats (D:1)
  2 frilled lizards (D:1)
8 creatures vanquished.

Notes
Turn   | Place    | Note
-------+----------+-------------------------------------------
     0 | D:1      | Cavalorn the Demonspawn Arcane Marksman began the quest for
                  | the Orb.
     0 | D:1      | Reached XP level 1. HP: 15/15 MP: 2/2
     2 | D:1      | Noticed a centaur
     2 | D:1      | Noticed a felid
     4 | D:1      | Noticed a formicid
     4 | D:1      | Noticed a demigod
     6 | D:1      | Noticed a spriggan
     8 | D:1      | Noticed a merfolk
     8 | D:1      | Noticed a ghoul
    10 | D:1      | Noticed a vine stalker
    10 | D:1      | Noticed an octopode
    12 | D:1      | Noticed a minotaur
    14 | D:1      | Noticed a gargoyle
    16 | D:1      | Noticed an elf
    16 | D:1      | Noticed a halfling
    18 | D:1      | Noticed an ogre
    20 | D:1      | Noticed a dwarf
    20 | D:1      | Noticed a demonspawn
    22 | D:1      | Noticed a troll
    22 | D:1      | Noticed a draconian
    24 | D:1      | Noticed a human
    24 | D:1      | Noticed a naga
    26 | D:1      | Noticed a tengu
    26 | D:1      | Noticed a vampire
   168 | D:1      | Gained mutation: You have a pair of small antennae on your
                  | head. [demonic ancestry]
   168 | D:1      | Reached XP level 2. HP: 14/21 MP: 3/3
   183 | D:1      | Quit the game

Levels and vault maps discovered:
D:1:      kb_arrival_jail, layout_basic, roderic_serpentine_path,
          minmay_misc_feat_x, chequers_arboretum, minmay_pentomino_p2

Skill      XL: |  1 |
---------------+----+-----
Slings         | 2 |  2.0
Fighting       | |  1.0
Dodging        | |  1.7
Stealth        | |  0.1
Spellcasting   | |  1.0
Hexes          | |  3.3

Action                   || total
-------------------------++-------
 Fire: Hunting sling     ||    34
Armor: Robe              ||     3
Dodge: Dodged            ||     5

Table legend:
 A = Non-vault XP
 B = Vault XP
 C = Vault XP percentage of total XP
 D = Non-vault monster count
 E = Vault monster count
 F = Vault count percentage of total count
                 A         B        C        D         E       F
            +---------+---------+-------+---------+---------+-------
      Total |      10 |       3 |  23.1 |       6 |       2 |  25.0
            +---------+---------+-------+---------+---------+-------
        D:1 |      10 |       3 |  23.1 |       6 |       2 |  25.0
            +---------+---------+-------+---------+---------+-------
